 Dungeon Crawl Stone Soup version 0.21-a0-278-ga722497 (webtiles) character file.

2219 Cecky the Covert (level 9, -3/40 HPs)
             Began as a Spriggan Conjurer on Sept 23, 2017.
             Was an Initiate of Vehumet.
             Slain by a wight
             ... wielding a +0 scimitar
              (12 damage)
             ... on level 6 of the Dungeon.
             The game lasted 00:33:49 (11846 turns).

Cecky the Covert (Spriggan Conjurer)               Turns: 11846, Time: 00:33:50

Health: -3/40      AC:  2    Str:  5    XL:     9   Next: 13%
Magic:  21/21      EV: 17    Int: 19    God:    Vehumet [......]
Gold:   364        SH:  0    Dex: 21    Spells: 15/22 levels left

rFire    . . .     SeeInvis +   m - +2 dagger (venom)
rCold    . . .     Gourm    .   (shield restricted)
rNeg     . . .     Faith    .   a - +0 robe
rPois    .         Spirit   .   (helmet restricted)
rElec    .         Reflect  .   (no cloak)
rCorr    .         Harm     .   (gloves unavailable)
MR       +....                  (boots unavailable)
Stlth    +++++.....             (no amulet)
HPRegen  0.13/turn              i - +5 ring of dexterity
MPRegen  0.17/turn              B - ring of wizardry

@: heavily drained, very quick
A: unfitting armour, see invisible, herbivore 3, speed 3, slow metabolism 2
a: Renounce Religion


You were on level 6 of the Dungeon.
You worshipped Vehumet.
Vehumet was noncommittal.
You were not hungry.

You visited 2 branches of the dungeon, and saw 8 of its levels.

You collected 364 gold pieces.

Inventory:

Hand Weapons
 d - a +2 short sword of speed
 g - a +1 dagger of venom
 m - a +2 dagger of venom (weapon)
 y - a +2 short sword of electrocution
Armour
 a - a +0 robe (worn)
 l - a scarf of spirit shield
Jewellery
 i - a +5 ring of dexterity (left hand)
 p - an uncursed ring of resist corrosion {unknown}
 B - a ring of wizardry (right hand)
 G - a cursed amulet of inaccuracy {unknown}
Wands
 o - a wand of polymorph (18/24)
 t - a wand of clouds (4/9)
 v - a wand of confusion (30/48)
 A - a wand of iceblast (3/15)
 C - a wand of digging (17/24)
 E - a wand of paralysis (17/24)
 I - a wand of acid (9/15)
Scrolls
 e - 4 scrolls of enchant armour {unknown}
 f - 5 scrolls of remove curse
 n - 3 scrolls of magic mapping
 q - 3 scrolls of identify
 F - a scroll of recharging {unknown}
 H - a scroll of teleportation
Potions
 h - a potion of might
 k - a potion of ambrosia {unknown}
 r - a potion of heal wounds
 s - a potion of cancellation {unknown}
 w - a potion of flight {unknown}
 x - a potion of magic {unknown}
 z - a potion of haste {unknown}
 D - a potion of mutation {unknown}
Books
 b - a book of Conjurations

   Spells                             Type                      Level
   a - Magic Dart                     Conjuration                  1
   b - Searing Ray                    Conjuration                  2
   c - Dazzling Spray                 Conjuration/Hexes            3
   d - Fulminant Prism                Conjuration/Hexes            4
   e - Force Lance                    Conjuration/Translocation    4
   f - Iskenderun's Mystic Blast      Conjuration                  4
Comestibles
 c - 4 bread rations
 j - 2 fruits
 u - 2 royal jellies


   Skills:
 * Level 0.7(0.0) Fighting
 - Level 3.0(1.6) Dodging
 - Level 11.0(9.2) Stealth
 - Level 7.3(5.8) Spellcasting
 * Level 6.9(5.3) Conjurations


You had 15 spell levels left.
You knew the following spells:

 Your Spells              Type           Power        Failure   Level  Hunger
a - Magic Dart            Conj           ####         1%          1    None
b - Searing Ray           Conj           ####..       1%          2    None
c - Iskenderun's Mystic   Conj           ####....     5%          4    ####...


Dungeon Overview and Level Annotations

Branches:
Dungeon (7/15)             Temple (1/1) D:6

Altars:
Ashenzari
Fedhas
Gozag
Hepliaklqana
Kikubaaqudgha
Makhleb
Nemelex Xobeh
Okawaru
Ru
Sif Muna
Trog
Uskayaw
Vehumet
Wu Jian
Yredelemnul
The Shining One

Shops:
D:4 :

Annotations:
D:7 Joseph


Innate Abilities, Weirdness & Mutations

You are very small and have problems with some larger weapons.
You are too small for most types of armour.
You have supernaturally acute eyesight. (SInv)
You are a herbivore.
You cover ground extremely quickly.
You need consume almost no food.


Message History

The wight is severely damaged.
The wight closely misses you.
You closely miss the wight.
The wight is severely damaged.
You hit the wight but do no damage.
The wight is severely damaged.
The wight closely misses you.
You hit the wight but do no damage.
The wight is severely damaged.
The wight closely misses you.
You hit the wight but do no damage.
The wight is severely damaged.
The wight closely misses you.
You hit the wight.
The wight is almost destroyed.
The wight barely misses you.
You hit the wight but do no damage.
The wight is almost destroyed.
The wight hits you with a scimitar!
You die...

#.<...<......#
#....o.[.....#
#............#
##..........##
##...##...##
######.### ###.####
#......#############
#..@z...............
#.....[.#######.....
###..##.# #>...|
##.##.### #.....
#.#.)..#####.....
#......#.........
##.......###.....
#.....### #.....
#...#..## #..###


You could see a wight.

Vanquished Creatures
  Menkaure (D:6)
  Duvessa (D:6)
  An orc warrior (D:5)
  An ice beast (D:6)
  A phantom (D:7)
  A centaur (D:7)
  An ogre (D:6)
  Blork the orc (D:6)
  3 bullfrogs (D:6)
  Dowan (D:6)
  3 wights
  2 howler monkeys
  A crimson imp (D:6)
  5 hounds
  2 orc priests (D:4)
  2 bullfrog skeletons
  3 iguanas
  4 orc wizards
  Terence (D:2)
  5 worker ants
  A hound skeleton (D:5)
  A worker ant zombie (D:6)
  Robin (D:2)
  10 gnolls
  11 adders
  2 shadow imps (D:5)
  3 worms
  2 dart slugs
  6 leopard geckos
  24 orcs
  5 bats
  5 giant cockroaches
  3 hobgoblins (D:2)
  12 jackals
  10 kobolds
  10 quokkas
  A ball python (D:2)
  3 frilled lizards
  A giant cockroach zombie (D:5)
  15 goblins
  7 rats
173 creatures vanquished.

Vanquished Creatures (others)
  A plant (D:4)
1 creature vanquished.

Grand Total: 174 creatures vanquished

Notes
Turn   | Place    | Note
-------+----------+-------------------------------------------
     0 | D:1      | Cecky the Spriggan Conjurer began the quest for the Orb.
     0 | D:1      | Reached XP level 1. HP: 9/9 MP: 5/5
   115 | D:1      | Reached XP level 2. HP: 13/13 MP: 6/6
   692 | D:2      | Reached XP level 3. HP: 13/16 MP: 1/8
   816 | D:2      | Found a bloodstained altar of Trog.
   820 | D:2      | Reached skill level 4 in Stealth
   940 | D:2      | Learned a level 2 spell: Searing Ray
  1073 | D:2      | Noticed Terence
  1102 | D:2      | Killed Terence
  1102 | D:2      | Reached XP level 4. HP: 17/21 MP: 2/9
  1162 | D:2      | Noticed Robin
  1192 | D:2      | Killed Robin
  1537 | D:2      | Found a sacrificial altar of Ru.
  1577 | D:2      | Reached skill level 5 in Stealth
  1782 | D:2      | Reached XP level 5. HP: 24/24 MP: 3/10
  3218 | D:3      | Reached skill level 6 in Stealth
  3417 | D:3      | Found an iron altar of Okawaru.
  3642 | D:4      | Reached XP level 6. HP: 14/28 MP: 5/12
  4351 | D:4      | Reached skill level 7 in Stealth
  5096 | D:4      | Reached skill level 8 in Stealth
  5254 | D:4      | Found Qoom's Book Shoppe.
  5433 | D:5      | Entered Level 5 of the Dungeon
  5614 | D:5      | Learned a level 4 spell: Iskenderun's Mystic Blast
  5646 | D:5      | Found a glowing golden altar of the Shining One.
  5646 | D:5      | Found a hazy altar of Hepliaklqana.
  5654 | D:5      | Found a hide-covered altar of Uskayaw.
  5659 | D:5      | Found a basalt altar of Yredelemnul.
  5661 | D:5      | Found an ornate altar of the Wu Jian Council.
  5732 | D:5      | Reached XP level 7. HP: 32/32 MP: 10/13
  5852 | D:5      | Reached skill level 9 in Stealth
  6295 | D:5      | Found an opulent altar of Gozag.
  6659 | D:6      | Noticed Duvessa
  6659 | D:6      | Noticed Dowan
  6938 | D:6      | Killed Duvessa
  6938 | D:6      | Reached skill level 10 in Stealth
  7168 | D:6      | Killed Dowan
  7325 | D:6      | Reached skill level 5 in Conjurations
  7325 | D:6      | Reached XP level 8. HP: 10/36 MP: 0/16
  7373 | D:6      | Reached skill level 11 in Stealth
  7642 | D:6      | Reached skill level 5 in Spellcasting
  7669 | D:6      | Found a staircase to the Ecumenical Temple.
  7669 | D:6      | Noticed Blork the orc
  7749 | D:6      | Killed Blork the orc
  9461 | Temple   | Entered the Ecumenical Temple
  9579 | Temple   | Became a worshipper of Vehumet
  9715 | D:7      | Noticed Menkaure
 10007 | D:6      | Killed Menkaure
 10574 | D:7      | Noticed Joseph
 11363 | D:7      | Reached XP level 9. HP: 39/39 MP: 9/21
 11846 | D:6      | Slain by a wight

Vault maps used:
D:1:      nzn_arrival_depleted_hourglass
D:2:      old_standard_altar, bloody_trog, uniq_robin, uniq_terence
D:3:      okawaru_gym_becter
D:4:      serial_shops, shop_statue, guppyfry_early_lair_pool
D:5:      nicolae_gozag_seed_capital, chequers_temple_overflow_minitemple,
          first_bread, solitary_fountain
D:6:      minmay_temple_entry_large_hall, minmay_statues_item,
          kennysheep_decorative_pillar, uniq_blork_the_orc, uniq_duvessa
D:7:      uniq_menkaure, uniq_joseph
Temple:   regret_index_temple_generic_petals

Skill      XL: |  1  2  3  4  5  6  7  8 |
---------------+-------------------------+-----
Conjurations   | 3 4 5 6 |  6.9
Stealth        | 4 5 6 8 10 11 | 11.0
Spellcasting   | 3 4 7 |  7.3
Fighting       | |  0.7
Dodging        | |  3.0

Action                   |  1- 3 |  4- 6 |  7- 9 || total
-------------------------+-------+-------+-------++-------
Melee: Short sword       |   102 |    80 |       ||   182
       Unarmed           |     2 |       |       ||     2
       Dagger            |       |   122 |   240 ||   362
 Cast: Magic Dart        |    12 |    25 |    55 ||    92
       Searing Ray       |     2 |    13 |    10 ||    25
       Iskenderun's Myst |       |       |     9 ||     9
  Use: Scroll            |       |     7 |     1 ||     8
       Potion            |       |       |     3 ||     3
 Stab: Sleeping          |     5 |    10 |    10 ||    25
       Distracted        |       |     1 |     2 ||     3
  Eat: Fruit             |       |     3 |     8 ||    11
Armor: Robe              |    12 |     9 |    14 ||    35
Dodge: Dodged            |   102 |   146 |   240 ||   488

Table legend:
 A = Spawn XP
 B = Non-spawn XP
 C = Spawn XP percentage of total XP
 D = Spawn monster count
 E = Non-spawn monster count
 F = Spawn count percentage of total count
 G = Total turns spent on level
                    A         B        C        D         E        F      G
               +---------+---------+-------+---------+---------+-------+---------
         Total |       0 |    3171 |   0.0 |       0 |     173 |   0.0 | 11846
               +---------+---------+-------+---------+---------+-------+---------
           D:1 |       0 |      31 |   0.0 |       0 |      18 |   0.0 |   701
           D:2 |       0 |     216 |   0.0 |       0 |      44 |   0.0 |  1898
           D:3 |       0 |     101 |   0.0 |       0 |      19 |   0.0 |  1014
           D:4 |       0 |     345 |   0.0 |       0 |      22 |   0.0 |  1829
           D:5 |       0 |     518 |   0.0 |       0 |      32 |   0.0 |  2524
           D:6 |       0 |    1583 |   0.0 |       0 |      32 |   0.0 |  3239
           D:7 |       0 |     377 |   0.0 |       0 |       6 |   0.0 |   482
               +---------+---------+-------+---------+---------+-------+---------
